[Event "Mitropa Cup Women 2024"]
[Site "Apolda"]
[Date "2024.02.20"]
[Round "6.12"]
[White "Rybackova, Lucie"]
[Black "Sekova, Olivia"]
[Result "1-0"]
[ECO "E61"]
[WhiteElo "1970"]
[BlackElo "2054"]
[Annotator "NA RC"]
[PlyCount "135"]
[EventDate "2024.02.15"]
[EventType "team-tourn"]
[EventCountry "GER"]
[SourceTitle "playchess.com"]
[Source "ChessBase"]
[SourceQuality "1"]
[WhiteTeam "Czech Republic"]
[BlackTeam "Slovakia"]
[WhiteTeamCountry "CZE"]
[BlackTeamCountry "SVK"]
[TimeControl "40/5400+30:1800+30"]

1. d4 Nf6 2. Nf3 g6 3. c4 Bg7 4. Nc3 d6 5. Bg5 O-O 6. e3 c5 7. Be2 h6 8. Bh4 Bf5 9. O-O Nc6 10. dxc5 dxc5 11. Qb3 Nb4 12. Rfd1 Qa5 13. Rac1 Rfd8 14. a3 Nd3 15. Bxd3 Bxd3 16. Nd5 Rxd5 17. cxd5 Be2 18. Re1 Ba6 19. e4 c4 20. Qb4 Qxb4 21. axb4 Nd7 22. e5 Nb6 23. Bxe7 Nxd5 24. Bd6 Nf4 25. Rc2 Rd8 26. Nd4 Nd3 27. Re3 Nxb4 28. Bxb4 Rxd4 29. Rd2 Rxd2 30. Bxd2 Bf8 31. Re1 Bb5 32. Be3 a6 33. Rc1 g5 34. f3 Bb4 35. Kf2 Kf8 36. h4 gxh4 37. Bxh6+ Ke7 38. Rh1 Ke6 39. Rxh4 Kxe5 40. Be3 a5 41. Rh5+ f5 42. g4 Bd7 43. Rh7 Bc6 44. f4+ Ke4 45. g5 c3 46. bxc3 Bxc3 47. Re7+ Kd3 48. g6 Bd5 49. g7 Kc2 50. Rxb7 a4 51. Bc5 Bb2 52. Kg3 a3 53. Bxa3 Bxa3 54. Rb8 Be7 55. g8=Q Bxg8 56. Rxg8 Kd3 57. Re8 Bf6 58. Re6 Bh8 59. Kh4 Kd4 60. Kg5 Kd5 61. Re8 Bc3 62. Kxf5 Kd6 63. Kg6 Kd7 64. Re2 Bb4 65. f5 Bf8 66. f6 Bc5 67. f7 Be7 68. Rxe7+ 1-0

[Event "Mitropa Cup Women 2024"]
[Site "Apolda"]
[Date "2024.02.20"]
[Round "6.13"]
[White "Medic, Mirjana"]
[Black "Urh, Zala"]
[Result "0-1"]
[ECO "D38"]
[WhiteElo "2151"]
[BlackElo "2290"]
[Annotator "TA"]
[PlyCount "116"]
[EventDate "2024.02.15"]
[EventType "team-tourn"]
[EventCountry "GER"]
[SourceTitle "playchess.com"]
[Source "ChessBase"]
[SourceQuality "1"]
[WhiteTeam "Croatia"]
[BlackTeam "Slovenia"]
[WhiteTeamCountry "CRO"]
[BlackTeamCountry "SLO"]
[TimeControl "40/5400+30:1800+30"]

1. d4 Nf6 2. Nf3 d5 3. c4 e6 4. Nc3 Bb4 5. Qa4+ Nc6 6. e3 O-O 7. Bd2 dxc4 8. Bxc4 Bd6 9. Rd1 e5 {[%emt 0:10:39] Die Stellung ist ausgeglichen.} 10. d5 Ne7 11. e4 {[%emt 0:01:11] Pariert Bf5.} a6 12. Qc2 Ng6 13. h3 Nh5 14. Ne2 f5 15. Bd3 f4 16. Bc3 b5 17. a3 Nh4 18. Kd2 (18. Bxe5 $2 Nxf3+ (18... Nxg2+ 19. Kd2 $15) 19. gxf3 Bxe5 $19) (18. Nxe5 $2 Nxg2+ 19. Kd2 f3 20. Nxf3 Rxf3 $19) (18. Nxh4 $11 {hält das Gleichgewicht.} Qxh4 19. Ng1) 18... Nxf3+ $17 (18... Nxg2 $6 19. Kc1 $15 (19. Nxe5 $2 f3 $19) (19. Bxe5 Bxe5 20. Rdg1 Ng3 $19)) 19. gxf3 c5 (19... Bd7 $17) 20. dxc6 $11 Be6 21. Bb4 Rc8 (21... Bxb4+ 22. axb4 Qd6 23. Qc5 Qxc5 24. bxc5) 22. Ke1 (22. Rc1 $11) 22... Bxb4+ $17 23. axb4 Qd6 24. Qc5 Rxc6 25. Qxd6 Rxd6 26. Bc2 Rfd8 ({Vorzuziehen ist} 26... Rxd1+ 27. Bxd1 Rd8) 27. Rxd6 Rxd6 28. Nc1 Nf6 {[%emt 0:03:31] Schwarz steht deutlich aktiver.} 29. h4 ({Besser ist} 29. Bb3) 29... Rd4 30. Nd3 Nd7 31. Kd2 Bc4 32. Kc3 {[%emt 0:01:06][%cal Od3e5] [#]} Bxd3 33. Bxd3 $19 {[%emt 0:00:03][%mdl 4096] Endspiel. KRB-KRN} Nb8 34. Rg1 Nc6 35. Rg5 (35. Ra1 $142) 35... g6 (35... Nxb4 36. Rxe5 Rxd3+ 37. Kxb4) 36. Bb1 Kg7 (36... Rxb4 37. Ba2+ Kg7 38. Bd5 $17) 37. Ba2 {[%emt 0:01:29][%cal Og5e5] Verhindert Rc4+.} Kf6 (37... Rxb4 38. Bd5 h6 39. Rxe5 (39. Bxc6 $2 Rc4+ 40. Kd2 hxg5 $19) 39... Nxe5 40. Kxb4 $19) 38. Bg8 h6 ({Auf keinen Fall} 38... Rxb4 39. Bxh7 (39. Bd5 $2 a5 $19) 39... Rc4+ 40. Kd2 Rd4+ 41. Ke2) 39. Rg1 Nxb4 {[%emt 0:02:35] [#] Und ...a5 würde nun gewinnen.} 40. Ra1 Ke7 41. b3 Kd6 {[%emt 0:09:36] ...Kc5 ist eine echte Drohung.} 42. Bc4 Kc5 43. Be2 Rd6 44. Bf1 Nc6 45. Rxa6 (45. Ra2 $142) 45... b4+ 46. Kb2 Rd2+ 47. Kc1 Rxf2 48. Bc4 Rxf3 49. Bd5 Nd4 50. Rxg6 Nxb3+ 51. Kb2 Nd4 {[%emt 0:00:16] Und jetzt ...Rf2+ wäre schön.} 52. Rxh6 Rf2+ 53. Kb1 b3 54. Rh8 Rh2 {[%emt 0:00:27] ( -> ...f3)} 55. Re8 Kb4 (55... f3 $142 56. Rb8 Rh1+ (56... Rxh4 $2 57. Kb2 $19) 57. Kb2 f2 (57... Rxh4 $2 58. Ka3 $19) (57... Rh2+ $2 58. Kc3 $19) 58. Rc8+ Kb4 59. Bc4 f1=B (59... f1=R 60. Bxf1 Rxf1 61. Rb8+ Nb5 62. Rxb5+ Kxb5 63. Kxb3 Rf3+ 64. Kc2 Kc4 65. Kd2 Rh3 66. h5 Kd4 67. Ke2 Rxh5 68. Kf3 Rg5 69. Ke2 Rg6 70. Kd2 Rg2+ 71. Kd1 Ke3 72. Kc1 Kd3 73. Kb1 Kc3 74. Ka1 Kb3 75. Kb1 Rg1#) 60. Bxb3 Rh2+ (60... Nxb3 {wird mattgesetzt.} 61. Rb8+ Bb5 62. Rxb5+ Kxb5 63. Kxb3 Rh3+ 64. Kc2 Kc4 65. Kd2 Rxh4 66. Ke3 Rf4 67. Ke2 Kd4 68. Kd2 Rf2+ 69. Ke1 Ke3 70. Kd1 Kd3 71. Kc1 Re2 72. Kd1 Rxe4 73. Kc1 Rb4 74. Kd1 Rb1#) 61. Bc2 Bd3 (61... Rxh4 $2 62. Rf8 $19) 62. Rb8+ Kc5 63. Kc3 Bxc2 64. Rc8+ Nc6 65. h5 Bxe4 66. h6 Rxh6 (66... Rh3+ $2 67. Kd2 $19) 67. Ra8 Rh2 (67... Rh3+ $2 68. Kd2 $19) 68. Ra5+ Kd6 69. Ra6 Rc2+ 70. Kb3 Kc5 71. Ra2 Nd4+ 72. Ka3 Nb5+ 73. Kb3 Rc3+ 74. Kb2 Kb4 75. Ra7 Rc2+ (75... Nxa7 {führt zum Matt.} 76. Ka2 Rb3 77. Ka1 Nb5 78. Ka2 Nc3+ 79. Ka1 Rb1#) 76. Ka1 Rc1+ (76... Nxa7 $2 77. Kb1 Ka3 78. Ka1 Rc1#) 77. Ka2 Nc3+ 78. Kb2 Rb1#) 56. Rb8+ {[%emt 0:00:00] Schwarz steht klar auf Gewinn.} Kc3 57. Rc8+ Kd3 58. Re8 f3 {[%emt 0:00:43] Gewichteter Fehlerwert: Weiß=0.56/Schwarz=0.17 (sehr präzise) .  Fehler:       	Weiß=5     	Schwarz=2     Ungenau:       	Weiß=3     	Schwarz=1     OK:         	Weiß=14    	Schwarz=27    Bester:       	Weiß=4     	Schwarz=3} 0-1

[Event "Mitropa Cup Women 2024"]
[Site "Apolda"]
[Date "2024.02.20"]
[Round "6.14"]
[White "Shpanko, Nadiia"]
[Black "Berke, Ana"]
[Result "1/2-1/2"]
[ECO "E14"]
[WhiteElo "2179"]
[BlackElo "2092"]
[Annotator "RC"]
[PlyCount "113"]
[EventDate "2024.02.15"]
[EventType "team-tourn"]
[EventCountry "GER"]
[SourceTitle "playchess.com"]
[Source "ChessBase"]
[SourceQuality "1"]
[WhiteTeam "Slovenia"]
[BlackTeam "Croatia"]
[WhiteTeamCountry "SLO"]
[BlackTeamCountry "CRO"]
[TimeControl "40/5400+30:1800+30"]

1. c4 e6 2. Nf3 d5 3. e3 Nf6 4. Nc3 Be7 5. d4 O-O 6. Bd3 b6 7. O-O Bb7 8. Qe2 Ne4 9. Nd2 f5 10. f3 Nxc3 11. bxc3 c5 12. Rb1 Nc6 13. Nb3 Qc7 14. Ba3 Bd6 15. f4 Nd8 16. Nd2 Rc8 17. h3 Ba6 18. cxd5 Bxd3 19. Qxd3 cxd4 20. cxd4 Bxa3 21. Qxa3 Qc3 22. Qxc3 Rxc3 23. dxe6 Nxe6 24. Rfe1 Rfc8 25. Nb3 Nc7 26. a4 Nd5 27. a5 Rxe3 28. axb6 axb6 29. Rxe3 Nxe3 30. Re1 Rc3 31. Nd2 Rd3 32. Nf3 Rd1 33. Kf2 Rxe1 34. Nxe1 Nd5 35. Kf3 h5 36. g4 fxg4+ 37. hxg4 h4 38. Nd3 b5 39. g5 b4 40. Kg4 b3 41. Kxh4 Nxf4 42. Nb2 Kf7 43. Kg4 Ne2 44. d5 Nc3 45. d6 Ke6 46. d7 Kxd7 47. Kf5 Ke7 48. Ke5 Kf7 49. Kd4 Ne2+ 50. Kd3 Nc1+ 51. Kd2 Na2 52. Nd3 Kg6 53. Nc5 b2 54. Kc2 Kxg5 55. Ne6+ Kf6 56. Nxg7 Kxg7 57. Kxb2 1/2-1/2

[Event "Mitropa Cup Women 2024"]
[Site "Apolda"]
[Date "2024.02.20"]
[Round "6.15"]
[White "Vujnovic, Patricija"]
[Black "Vidic, Teja"]
[Result "1/2-1/2"]
[ECO "D32"]
[WhiteElo "2104"]
[BlackElo "2132"]
[Annotator "NA RC"]
[PlyCount "61"]
[EventDate "2024.02.15"]
[EventType "team-tourn"]
[EventCountry "GER"]
[SourceTitle "playchess.com"]
[Source "ChessBase"]
[SourceQuality "1"]
[WhiteTeam "Croatia"]
[BlackTeam "Slovenia"]
[WhiteTeamCountry "CRO"]
[BlackTeamCountry "SLO"]
[TimeControl "40/5400+30:1800+30"]

1. Nf3 d5 2. e3 Nf6 3. c4 e6 4. b3 Be7 5. Bb2 O-O 6. Nc3 c5 7. cxd5 exd5 8. d4 Bg4 9. Be2 Nc6 10. dxc5 Bxc5 11. O-O a6 12. Na4 Ba7 $11 13. Rc1 Ne4 14. h3 Bh5 15. Nd4 Bxe2 16. Qxe2 Nxd4 17. Bxd4 Bxd4 18. exd4 Re8 19. Qb2 Qd6 20. Rc2 Re7 21. Rfc1 Rae8 22. Rc8 g6 23. Rxe8+ Rxe8 24. Nc5 Re7 25. Nxe4 Rxe4 26. Qc3 Kg7 27. Re1 Qf4 28. Rxe4 Qxe4 29. a4 b6 30. g3 h5 31. h4 1/2-1/2

[Event "Mitropa Cup Women 2024"]
[Site "Apolda"]
[Date "2024.02.20"]
[Round "6.16"]
[White "Mihelic, Vesna"]
[Black "Mihaljevic, Eva"]
[Result "1-0"]
[ECO "C01"]
[WhiteElo "2112"]
[BlackElo "2043"]
[Annotator "RC"]
[PlyCount "67"]
[EventDate "2024.02.15"]
[EventType "team-tourn"]
[EventCountry "GER"]
[SourceTitle "playchess.com"]
[Source "ChessBase"]
[SourceQuality "1"]
[WhiteTeam "Slovenia"]
[BlackTeam "Croatia"]
[WhiteTeamCountry "SLO"]
[BlackTeamCountry "CRO"]
[TimeControl "40/5400+30:1800+30"]

1. e4 e6 2. d4 d5 3. exd5 exd5 4. Bd3 Nf6 5. Nf3 c5 6. O-O c4 7. Re1+ Be7 8. Bf1 O-O 9. b3 cxb3 10. axb3 Nc6 11. Ba3 Bxa3 12. Nxa3 Bg4 13. c3 Ne4 14. Qd3 Qf6 15. Qe3 Bxf3 16. gxf3 Ng5 17. Bg2 Ne6 18. Kh1 Nf4 19. Bf1 Qg5 20. c4 Rad8 21. c5 f5 22. Nb5 Rf6 23. Nc3 Qh4 24. Ne2 Ne6 25. f4 Rh6 26. h3 Qf6 27. Rad1 Rh4 28. Bg2 Kf7 29. Nc3 Ne7 30. Nb5 Rxf4 31. Nd6+ Rxd6 32. cxd6 Nc6 33. Bxd5 Rh4 34. Bxe6+ 1-0

[Event "Mitropa Cup Women 2024"]
[Site "Apolda"]
[Date "2024.02.20"]
[Round "6.17"]
[White "Iglesias, Yosha"]
[Black "Heinemann, Josefine"]
[Result "1/2-1/2"]
[ECO "D02"]
[WhiteElo "2260"]
[BlackElo "2361"]
[Annotator "TA"]
[PlyCount "112"]
[EventDate "2024.02.15"]
[EventType "team-tourn"]
[EventCountry "GER"]
[SourceTitle "playchess.com"]
[Source "ChessBase"]
[SourceQuality "1"]
[WhiteTeam "France"]
[BlackTeam "Germany"]
[WhiteTeamCountry "FRA"]
[BlackTeamCountry "GER"]
[TimeControl "40/5400+30:1800+30"]

1. d4 Nf6 2. Nf3 d5 3. Bf4 c5 4. e3 Nc6 5. Nbd2 Bg4 6. h3 Bxf3 7. Nxf3 e6 8. Be2 Bd6 9. dxc5 Bxf4 10. exf4 Ne4 11. c3 Nxc5 12. O-O O-O 13. g3 Qb6 14. Rb1 Rad8 15. Kg2 h6 16. Bd3 d4 17. cxd4 Nxd3 18. Qxd3 Nxd4 19. Rfd1 Nxf3 20. Qxf3 Rxd1 21. Rxd1 Qxb2 22. Qb3 {[%emt 0:04:04] Prevents a5.} (22. Rd7 $11) 22... Qxb3 $17 23. axb3 {[%emt 0:00:07][%mdl 4096] Endgame. KR-KR} Rc8 24. Rd7 b5 25. Rxa7 Rc3 26. b4 Rc4 27. Rb7 Rxb4 28. h4 (28. Kf3 $17) 28... g6 $19 29. Kf3 h5 $1 30. Ke3 Rb1 31. Kf3 b4 32. Ke3 (32. Ke4 {was called for.}) 32... b3 33. Rb8+ Kg7 34. Kf3 f6 35. Rb7+ Kf8 36. Ke3 Ke8 $2 (36... b2 $19 {Threatens to win with ...Re1+.} 37. Ke2 e5) 37. Kd3 $15 Rb2 38. Kc4 $2 (38. Kd4 $15) 38... Rc2+ $1 $19 (38... Rxf2 39. Rb8+ Ke7 40. Rb7+ Kd6 41. Rb6+ Kc7 42. Rxb3 $17) 39. Kxb3 Rxf2 40. Kc4 Rf3 41. Kc5 {[%emt 0:31:35] [#]} Rd3 $1 ({Don't do} 41... Rxg3 42. Kd6 $15) 42. Kc6 (42. Ra7 $17) 42... e5 (42... Rxg3 43. Kd6 $17) 43. fxe5 fxe5 44. Rg7 $2 {[%emt 0:00:00] [#]} (44. Kc5) 44... Rxg3 $2 ({Better is} 44... e4 $1 $19 {[%cal Re4e3] Strongly threatening ...e3.} 45. Rxg6 Ke7 46. Rg7+ Ke6) 45. Kd5 $1 $11 {[%emt 0:00:00] The position is equal.} Kf8 46. Ra7 Re3 47. Ke6 e4 {[%emt 0:00:00] White must now prevent ...Rf3.} 48. Kf6 Rf3+ 49. Kxg6 e3 {[%emt 0:00:00] ( -> ...e2)} 50. Ra4 e2 51. Re4 $1 Rf2 52. Re3 Rg2+ 53. Kf6 Kg8 54. Re5 Rh2 55. Kg6 Rg2+ ({Stronger than} 55... Rxh4 56. Re8#) 56. Kf6 Rh2 {[%emt 0:00:00] And White is the lucky defender.   Weighted Error Value: White=0.26 (precise) /Black=0.20 (precise) .  Missed win:     	---       	Black=1      Mistake:       	White=6     	Black=1      OK:         	White=20    	Black=22     Best:        	White=3     	Black=5      Strong:       	White=2     	Black=3} 1/2-1/2

[Event "Mitropa Cup Women 2024"]
[Site "Apolda"]
[Date "2024.02.20"]
[Round "6.18"]
[White "Schneider, Jana"]
[Black "Schippke, Manon"]
[Result "1-0"]
[ECO "B42"]
[WhiteElo "2331"]
[BlackElo "2162"]
[Annotator "TA"]
[PlyCount "67"]
[EventDate "2024.02.15"]
[EventType "team-tourn"]
[EventCountry "GER"]
[SourceTitle "playchess.com"]
[Source "ChessBase"]
[SourceQuality "1"]
[WhiteTeam "Germany"]
[BlackTeam "France"]
[WhiteTeamCountry "GER"]
[BlackTeamCountry "FRA"]
[TimeControl "40/5400+30:1800+30"]

1. e4 c5 2. Nf3 e6 3. d4 cxd4 4. Nxd4 a6 5. Bd3 Bc5 6. Nb3 Ba7 7. O-O Nc6 8. Qg4 Qf6 9. Qg3 h6 {[%emt 0:03:51] Against Bg5} 10. Nc3 {[%emt 0:02:05][%cal Oe4e5] [#] e5! would now be deadly.} Ne5 {[%emt 0:14:32] White is slightly better.} 11. Be3 Bxe3 12. Qxe3 (12. fxe3 $6 Qg5 $11) 12... Nxd3 13. Qxd3 Ne7 14. Qd6 Nc6 15. Na4 (15. Rad1 $16) 15... Qe7 (15... b5 $1 $11 {remains equal.} 16. Nc3 (16. Nb6 Rb8 $11) 16... Qe5) 16. Rfd1 {[%emt 0:02:17] White is much more active.} (16. Qg3 $16 {[%cal Oa4b6] Hoping for Nb6!} O-O 17. Nb6) 16... b5 $11 17. Nac5 Qxd6 18. Rxd6 g5 19. Rad1 Ne5 20. Na5 $1 Ke7 21. b4 (21. Rb6 {simplifies} Ra7 22. Nd3 Nxd3 23. Rxd3 Rc7 24. c3) 21... f6 22. a4 $36 {[%emt 0:05:56][%mdl 2048] Black is under pressure.} Rb8 23. c3 (23. Nxa6 $2 Bxa6 24. Rxa6 bxa4 $19) 23... Nf7 $2 {[%emt 0:02:55] [#] This costs Black the game.} (23... g4 $11 {and Black is okay.}) 24. Rxe6+ $3 $18 dxe6 25. Nc6+ Kf8 26. Nxb8 {[%emt 0:00:10] A dynamic duo of knights.} bxa4 27. Nxa4 Rh7 (27... h5 $142 28. h3 f5) 28. Nc5 Ke8 29. Nbxa6 ({Don't do} 29. Ncxa6 Ne5 30. h3 Rh8 $18) 29... Ne5 30. Rd6 Ke7 31. Rb6 Rh8 32. Rb8 (32. b5 $142) 32... Rd8 33. Kf1 Nc6 $2 (33... Bxa6+ 34. Nxa6 Rd3) 34. Ra8 {[%emt 0:01:56] Weighted Error Value: White=0.31/Black=0.36.  Loses game:     	---       	Black=1      Mistake:       	White=3     	Black=3      Inaccurate:     	White=1     	Black=4      OK:         	White=7     	Black=9      Best:        	---       	Black=2      Strong:       	White=1     	---} 1-0

[Event "Mitropa Cup Women 2024"]
[Site "Apolda"]
[Date "2024.02.20"]
[Round "6.19"]
[White "Navrotescu, Andreea"]
[Black "Klek, Hanna Marie"]
[Result "0-1"]
[ECO "E20"]
[WhiteElo "2222"]
[BlackElo "2284"]
[Annotator "TA"]
[PlyCount "98"]
[EventDate "2024.02.15"]
[EventType "team-tourn"]
[EventCountry "GER"]
[SourceTitle "playchess.com"]
[Source "ChessBase"]
[SourceQuality "1"]
[WhiteTeam "France"]
[BlackTeam "Germany"]
[WhiteTeamCountry "FRA"]
[BlackTeamCountry "GER"]
[TimeControl "40/5400+30:1800+30"]

1. d4 Nf6 2. c4 e6 3. Nc3 Bb4 4. f3 c5 5. d5 d6 6. e4 b5 {[%emt 0:00:52] E20: Nimzoindisch (Seltene Züge).} 7. Nge2 bxc4 8. Nf4 e5 9. Nfe2 Nbd7 10. Ng3 Nb6 11. Be2 Ng8 12. h4 Ne7 13. h5 {[%emt 0:02:47] Gegen Ng6 gerichtet.} f5 14. f4 $146 ({Predecessor:} 14. h6 g6 15. f4 O-O 16. O-O Bxc3 17. bxc3 fxe4 18. fxe5 Nexd5 19. Nxe4 Bf5 20. Bg5 {1-0 Arabidze,M (2433)-Garifullina,L (2372) EU-ch (Women) 23rd 2023 (7)}) 14... O-O 15. O-O Bxc3 16. bxc3 fxe4 17. fxe5 Rxf1+ (17... Nexd5 {ist vielschichtiger.} 18. Rxf8+ Qxf8 19. Bxc4 Be6) 18. Bxf1 (18. Qxf1 $5 Nexd5 19. Nxe4 $11) 18... Nexd5 {[%emt 0:01:04] Und ...Qe8 würde nun gewinnen.} (18... dxe5 {vereinfacht} 19. a4 Qxd5 20. Qxd5+ Nbxd5 21. Bxc4 Be6) 19. Nxe4 (19. a4 $5 Be6 (19... Nxc3 20. Qe1 $11) (19... dxe5 $2 20. a5 $18) 20. Nxe4 $11) 19... dxe5 20. h6 ({Vorzuziehen ist} 20. Qf3 $15) 20... Qh4 $17 21. Nf2 (21. Nxc5 $17 Bg4 (21... gxh6 22. Qf3 $15) 22. Qd2) 21... gxh6 (21... Bf5 $1 $19 22. a4 a5 (22... Nxc3 23. Qe1 $11) (22... gxh6 $2 23. a5 $18) 23. hxg7 Kxg7 (23... Nxc3 $2 24. Qf3 $18)) 22. Qe2 {[%emt 0:01:14] [#]} Nf6 ({Günstiger ist} 22... Bd7 $1 23. Ba3 Re8 (23... Nxc3 24. Qxe5 Ncd5 25. Bxc5 $15) 24. Bxc5 Nxc3) 23. Qf3 e4 (23... Bg4 $17 24. Qe3 Be6) 24. Qe3 $15 Be6 25. Qxc5 Rf8 26. Qd6 {[%emt 0:03:49] Verhindert Nfd7} (26. Qe7 $5 Re8 (26... Qxf2+ $2 27. Kxf2 Nfd5+ 28. Qxf8+ Kxf8 29. Bxh6+ Ke7 30. Bg7 $18) 27. Qxa7 $11) 26... Re8 {[%emt 0:01:38] ...Nbd5 wäre nun fies.} 27. Be3 Nfd5 28. Bd4 (28. Re1 $15) 28... e3 $19 29. Re1 $2 (29. Nh1 Bf5 30. Bxc4 Nxc4 31. Qxd5+ Be6 32. Qf3) 29... exf2+ $2 (29... Qxf2+ 30. Kh2 Qh4+ (30... Qxe1 $2 31. Qe5 $19) 31. Kg1 Qxe1) 30. Bxf2 $19 Qe7 31. Qg3+ Qg5 32. Qd6 Qg6 33. Bd4 Bf7 34. Rxe8+ Bxe8 35. Qe5 (35. Qb8 $142) 35... Bd7 (35... Bc6 $142 {Und jetzt ...Kf7 wäre schön.} 36. Qb8+ Kf7) 36. Be2 {[%emt 0:00:29] [#] Zielt auf Bh5 ab.} Qg5 $1 37. Qh8+ (37. Qb8+ {ist wohl besser.} Nc8 (37... Kf7 38. Qxa7 Qc1+ 39. Kh2 $17) 38. Bxc4) 37... Kf7 $19 38. Qxh7+ Ke6 39. Bf3 Kd6 {[%emt 0:01:11][%cal Od5c3] Droht ...Nxc3! und aus.} 40. Qh8 Qc1+ 41. Kh2 Qf4+ 42. Kg1 Nc8 43. Qg8 (43. Be2 $142) 43... Qg5 $19 44. Qf8+ Nde7 45. Bf2 Kc7 46. Kh2 Be6 47. Bg3+ Kd7 48. Qh8 Nf5 {[%emt 0:01:09] Gegen Qd4+ gerichtet.} 49. Bf2 Qg7 0-1

[Event "Mitropa Cup Women 2024"]
[Site "Apolda"]
[Date "2024.02.20"]
[Round "6.20"]
[White "Schulze, Lara"]
[Black "Blanquet, Camille"]
[Result "1-0"]
[ECO "B07"]
[WhiteElo "2285"]
[BlackElo "2023"]
[Annotator "TA"]
[PlyCount "67"]
[EventDate "2024.02.15"]
[EventType "team-tourn"]
[EventCountry "GER"]
[SourceTitle "playchess.com"]
[Source "ChessBase"]
[SourceQuality "1"]
[WhiteTeam "Germany"]
[BlackTeam "France"]
[WhiteTeamCountry "GER"]
[BlackTeamCountry "FRA"]
[TimeControl "40/5400+30:1800+30"]

1. e4 d6 2. d4 Nf6 3. Nc3 Nbd7 4. h3 e5 5. g4 exd4 6. Qxd4 Nc5 7. Bg2 Be7 8. Nge2 {[%emt 0:06:06] Weiß steht besser.} O-O 9. Be3 c6 10. a4 Qc7 11. O-O Re8 12. Ng3 Bf8 13. Rad1 b6 14. Qd2 Ba6 15. Rfe1 Rad8 16. Bg5 Ncd7 17. Nf5 h6 18. Bh4 Re6 19. b4 (19. Nd4 $142) 19... Bb7 $16 20. Ne2 {[%emt 0:10:20] Weiß steht deutlich aktiver.} Rde8 (20... c5 $142) 21. Ned4 ({Günstiger ist} 21. Bg3 $16) 21... Rxe4 $11 22. Bxe4 Rxe4 (22... Nxe4 $11 23. Qd3 c5) 23. f3 $16 Rxe1+ 24. Rxe1 {[%emt 0:00:05][%cal Bd1e1,Be1e4,Be4e8,Be8f8][%mdl 32] Bxf6 ist eine echte Drohung.} (24. Bxe1 c5 25. bxc5 (25. Nb5 Qc6 $17) 25... bxc5 $17) 24... c5 25. Nb5 $36 {[%emt 0:02:08][%csl LRa7,LRc7,LRd6][%mdl 2048] Weiss ist am Drücker.} Qc6 26. Nbxd6 Ba8 27. Ne4 (27. Bxf6 Qxf3 28. Re8 Nxf6 29. Ne7+ Kh7 30. Rxf8 Qg3+ 31. Kf1 Qxh3+ 32. Ke1 Qh1+ 33. Ke2 Qf3+ 34. Ke1 Qh1+ 35. Ke2 Qg2+ (35... Qf3+ 36. Ke1 $11) 36. Kd1 Qg1+ 37. Ke2 (37. Qe1 $2 Bf3+ 38. Kd2 Qd4+ 39. Kc1 cxb4 $19) 37... Qxg4+ 38. Ke1 Qg1+ 39. Ke2 Qg2+ (39... Qg4+ 40. Ke1 $11) 40. Kd1 Qh1+ (40... Qg1+ 41. Ke2 $11) 41. Ke2 (41. Qe1 $2 Bf3+ 42. Kd2 Qh2+ 43. Kc1 Qxd6 $19) 41... Qh2+ (41... Qf3+ 42. Ke1 $11) 42. Ke1 (42. Kd1 Qh1+ 43. Ke2 Qh2+ 44. Kd1 Qg1+ 45. Ke2 Qh2+ $11) 42... Qh1+ 43. Ke2 Qg2+ (43... Qf3+ 44. Ke1 $11) 44. Kd1 Qg1+ 45. Ke2 Qh2+ (45... Qg4+ 46. Kf1 $11) 46. Kd1 Qh1+ 47. Ke2 $11 (47. Qe1 $2 Bf3+ 48. Kd2 Qh2+ 49. Kc1 Qxd6 $19)) 27... Nxe4 28. Rxe4 {[%emt 0:02:02] [#] Zielt auf b5 ab.} Qxa4 {[%emt 0:07:21][%mdl 8192] Verliert die Partie.} (28... cxb4 $16 29. Re8 Qxf3) 29. Re8 $18 Qa1+ 30. Kf2 Bxf3 31. Qxd7 Kh7 32. Ng3 (32. Qxf7 $142 Qh1 33. Qxf8 (33. Rxf8 Qg2+ 34. Ke3 Qe2+ 35. Kf4 Qe4+ 36. Kg3 Qe1+ 37. Kxf3 Qh1+ 38. Ke2 Qg2+ 39. Ke3 Qg1+ 40. Bf2 Qc1+ 41. Kf3 Qd1+ 42. Kg3 Qa1 43. Qg8+ Kg6 44. Nh4+ Kg5 45. Rf5#) 33... Qg2+ 34. Ke3 Qe2+ 35. Kf4 g5+ 36. Bxg5 Qh2+ 37. Kxf3) 32... cxb4 33. Qf5+ (33. Rxf8 $142 Qe5 34. Qd3+ (34. Kxf3 Qc3+ 35. Qd3+ Qxd3+ 36. cxd3 b3 $18) 34... Be4 35. Nxe4 (35. Qxe4+ Qxe4 36. Nxe4 b3 37. cxb3 f6 38. Rf7 Kg8 39. Rxa7 Kf8) 35... f5 36. gxf5 (36. Rxf5 Qh2+ 37. Ke1 Kg8 38. Nf6+ gxf6 39. Qd5+ Kg7 40. Bxf6+ Kf8 41. Be5+ Ke8 42. Qe6+ Kd8 43. Rf8#) (36. Nf6+ Kg6 37. Kg2 gxf6 38. gxf5+ Kg7 39. Rc8 Kf7 40. Qd7+ Qe7 41. Qd5+ Qe6 42. Qxe6+ Kg7 43. Qg8#) 36... Qh2+ 37. Kf3 (37. Ke3 Qg1+ 38. Kf4 Qh2+ 39. Bg3 Qxg3+ 40. Nxg3 h5 41. f6+ g6 42. Qd7+ Kh6 43. Rh8#) 37... Qh1+ 38. Kf4) 33... Kg8 34. Rxf8+ {[%emt 0:00:19] Gewichteter Fehlerwert: Weiß=0.21 (präzise) /Schwarz=0.69.  Verlustzug:     	---       	Schwarz=1     Fehler:       	Weiß=2     	Schwarz=2     Ungenau:       	Weiß=2     	Schwarz=7     OK:         	Weiß=7     	Schwarz=5     Bester:       	Weiß=2     	Schwarz=3} 1-0